 Dungeon Crawl Stone Soup version 0.31-a0-544-gceb718ecc6 (webtiles) character file.

Game seed: 4732312231108879411

223 Aj7335 the Trooper (level 5, -2/4 HPs)
             Began as a Minotaur Berserker on Aug 15, 2023.
             Was a Priest of Trog.
             Killed from afar by a dart slug (6 damage)
             ... with a slug dart
             ... on level 3 of the Dungeon.
             The game lasted 00:04:24 (2023 turns).

Aj7335 the Trooper (Minotaur Berserker)             Turns: 2023, Time: 00:04:24

Health: -2/4       AC:  1    Str: 21    XL:     5   Next: 66%
Magic:  4/4        EV: 12    Int:  4    God:    Trog [***...]
Gold:   128        SH:  0    Dex: 12    Spells: 4/4 levels left

rFire   . . .        j - melded +0 mace (protect)
rCold   . . .        (shield currently unavailable)
rNeg    . . .        d - +0 ring mail
rPois   .            (helmet restricted)
rElec   .            (no cloak)
rCorr   .            (gloves currently unavailable)
SInv    .            l - +0 pair of boots
Will    .....        i - amulet of faith
Stlth   +            (no ring)
HPRegen 0.20/turn    (no ring)
MPRegen 0.09/turn

%: faith
@: blade hands
A: reduced hp, horns 2, retaliatory headbutt
a: Begin Untransformation, Renounce Religion, Berserk, Trog's Hand


You were on level 3 of the Dungeon.
You worshipped Trog.
Trog was most pleased with you.
You had blades for hands.
You visited 1 branch of the dungeon, and saw 3 of its levels.

You collected 128 gold pieces.

Inventory:

Hand Weapons
 a - a +0 hand axe
 j - a +0 mace of protection (melded)
Missiles
 n - 2 throwing nets
Armour
 b - a +0 animal skin
 d - a +0 ring mail (worn)
 l - a +0 pair of boots (worn)
Jewellery
 i - an amulet of faith (around neck)
 q - a ring of positive energy
Talismans
 r - a blade talisman (active)
Scrolls
 f - a scroll of enchant armour {unknown}
 g - a scroll of teleportation
 h - a scroll of torment {unknown}
 m - 2 scrolls of identify {unknown}
 o - a scroll of blinking {unknown}
Potions
 c - a potion of berserk rage {unknown}
 e - 3 potions of curing
 k - a potion of magic {unknown}
 p - a potion of heal wounds {unknown}


   Skills:
 + Level 5.1 Fighting
 + Level 5.0(5.3) Axes
 + Level 2.5(4.1) Maces & Flails
 + Level 3.1 Armour
 + Level 3.4 Dodging


You had 4 spell levels left.
You didn't know any spells.
Your spell library was empty.

Dungeon Overview and Level Annotations

Branches:
Dungeon (3/15)

Altars:


Innate Abilities, Weirdness & Mutations

You have blades for hands.
Your maximum health is decreased, since you lack skill for your form.
Your spellcasting is less reliable in this form.
You are incapable of wielding weapons or throwing items.
You have a pair of horns on your head.
You reflexively headbutt those who attack you in melee.


Message History

The endoplasm closely misses you. x2
Unknown command.
You hit the endoplasm but do no damage.
The endoplasm is heavily wounded.
The endoplasm closely misses you.
You hit the endoplasm.
You kill the endoplasm!
Trog accepts your kill.
You see here a blade talisman.
r - a blade talisman
Okay, then.
You begin transforming.
You continue transforming. x3
Your hands turn into razor-sharp scythe blades.
Your +0 mace of protection melds into your body.
Your +0 mace of protection goes still.
HP restored.
Key pressed, stopping explore.
No target in view!
A giant cockroach comes into view.
A giant cockroach is nearby!
The giant cockroach barely misses you. You furiously retaliate!
You headbutt the giant cockroach.
A giant cockroach is nearby!
You barely miss the giant cockroach.
The giant cockroach is almost dead.
The giant cockroach bites you.
A giant cockroach is nearby!
You slash the giant cockroach!
You kill the giant cockroach!
Trog accepts your kill.
You see here a giant cockroach corpse.
You see here a giant cockroach corpse.
Key pressed, stopping explore.
No target in view!
A dart slug comes into view.
A dart slug is nearby!
A dart slug is nearby!
The dart slug launches a dart at you. The slug dart hits you.
Ouch! That really hurt!
You die...

#######.# #.......#
#.####### #.# #.# ##.#
...#
####################.#
................@.w..#
######################


You could see a dart slug.

Vanquished Creatures
  An orc priest (D:3)
  Terence (D:2)
  Robin (D:2)
  4 adders
  3 gnolls (D:2)
  A worm (D:2)
  3 dart slugs (D:1)
  3 orcs (D:3)
  4 ball pythons
  6 bats
  4 endoplasms
  7 giant cockroaches
  9 goblins
  11 hobgoblins
  4 jackals (D:1)
  7 kobolds
  2 quokkas
  2 frilled lizards
  2 rats (D:1)
75 creatures vanquished.

Notes
Turn   | Place    | Note
-------+----------+-------------------------------------------
     0 | D:1      | Aj7335 the Minotaur Berserker began the quest for the Orb.
     0 | D:1      | Reached XP level 1. HP: 19/19 MP: 0/0
   110 | D:1      | Reached XP level 2. HP: 22/27 MP: 1/1
   242 | D:1      | Reached XP level 3. HP: 33/33 MP: 2/2
   422 | D:1      | Reached ** piety under Trog
   943 | D:2      | Noticed Terence
   948 | D:2      | Killed Terence
   949 | D:2      | Reached XP level 4. HP: 39/41 MP: 3/3
  1076 | D:2      | Reached skill level 5 in Axes
  1082 | D:2      | Reached skill level 1 in Maces & Flails
  1190 | D:2      | Noticed Robin
  1191 | D:2      | Reached XP level 5. HP: 47/47 MP: 4/4
  1198 | D:2      | Killed Robin
  1199 | D:2      | Reached skill level 5 in Fighting
  1789 | D:3      | Reached *** piety under Trog
  2023 | D:3      | Killed from afar by a dart slug

Illustrated notes

Levels and vault maps discovered:
D:1:      psy_arrival_radial01, layout_rooms, minmay_pentomino_q2
D:2:      layout_basic, uniq_robin, uniq_terence
D:3:      layout_basic

Skill      XL: |  1  2  3  4  5 |
---------------+----------------+-----
Axes           | 4 5 |  5.0
Fighting       | 4 5 |  5.1
Dodging        | 3 |  3.4
Maces & Flails | 1 2 |  2.5
Armour         | 3 |  3.1

Action                     |  1- 3 |  4- 6 || total
---------------------------+-------+-------++-------
  Melee: Hand axe          |    57 |       ||    57
         Headbutt          |    10 |    12 ||    22
         Mace              |    13 |    88 ||   101
         Unarmed           |       |     2 ||     2
    Use: Scroll            |     1 |       ||     1
         Potion            |     1 |       ||     1
 Armour: Ring mail         |    23 |    48 ||    71
         Animal skin       |     4 |       ||     4
  Dodge: Dodged            |    41 |    52 ||    93
   Form: Blade             |       |     1 ||     1

Table legend: (Time is in decaauts)
 A = Elapsed time spent in this place.
 B = Non-inter-level travel time spent in this place.
 C = Inter-level travel time spent in this place.
 D = Time resting spent in this place.
 E = Time spent auto-exploring this place.
 F = Levels seen in this place.
 G = Mean time per level.
                   A        B        C        D        E       F      G
               +--------+--------+--------+--------+--------+-----+--------+
         Total |   2051 |   1869 |    182 |      0 |   1447 |   3 |  683.7 |
       Dungeon |   2051 |   1869 |    182 |      0 |   1447 |   3 |  683.7 |
               +--------+--------+--------+--------+--------+-----+--------+

Top non-repeatable levels by time:
     D:2: 810 daAuts
     D:1: 688 daAuts
     D:3: 552 daAuts
